 Dungeon Crawl Stone Soup version 0.31-a0-1009-g454b1f1e0a (webtiles) character file.

Game seed: 4152233933952749953

7 kae the Vexing (level 1, -4/13 HPs)
             Began as a Demonspawn Enchanter on Nov 14, 2023.
             Frozen to death by an endoplasm (5 damage)
             ... on level 1 of the Dungeon.
             The game lasted 00:00:11 (262 turns).

kae the Vexing (Demonspawn Enchanter)                Turns: 262, Time: 00:00:12

Health: -4/13      AC:  2    Str:  8    XL:     1   Next: 83%
Magic:  3/3        EV: 12    Int: 16    God:
Gold:   40         SH:  0    Dex: 13    Spells: 4/4 levels left

rFire   . . .        a - +1 dagger
rCold   . . .        (no shield)
rNeg    . . .        b - +0 robe
rPois   .            (no helmet)
rElec   .            (no cloak)
rCorr   .            (no gloves)
SInv    .            (no boots)
Will    .....        (no amulet)
Stlth   ++           (no ring)
HPRegen 0.22/turn    (no ring)
MPRegen 0.08/turn

%: no passive effects
@: no status effects
A: no striking features
a: no special abilities


You were on level 1 of the Dungeon.
You visited 1 branch of the dungeon, and saw 1 of its levels.

You collected 40 gold pieces.


   Skills:
 * Level 1.2 Short Blades
 - Level 1.7 Dodging
 + Level 2.7 Stealth
 + Level 2.1 Spellcasting
 * Level 3.1 Hexes


You had 4 spell levels left.
You didn't know any spells.
Your spell library contained the following spells:

 Spells                   Type           Power      Damage    Failure   Level
 Ensorcelled Hibernation  Hex/Ice        12%        N/A       16%         2
 Confusing Touch          Hex            11%        N/A       17%         3
 Tukima's Dance           Hex            11%        N/A       17%         3
 Dazzling Flash           Conj/Hex       12%        N/A       32%         3

Inventory:

Hand Weapons
 a - a +1 dagger (weapon)
Missiles
 d - 5 stones
 h - 3 poisoned darts
Armour
 b - a +0 robe (worn)
Scrolls
 f - a scroll of identify {unknown}
 g - a scroll of vulnerability {unknown}
Potions
 c - 2 potions of invisibility
 e - a potion of ambrosia {unknown}

Dungeon Overview and Level Annotations

Branches:
Dungeon (1/15) Zot: 5738

Altars:

###.# #...# ....#
#>$.# ....# #...#
....# #...#
....###########...#
....#.............#
....#.#########...#
....#.# ##..####
....#.# #@J...#
......##### #..#.##
...##.....# #..# #
...##..##.## #.##
#....#....... ...
####......... ..#
........>#### ###
..######.# ....# .#


You could see an endoplasm.


Message History

There is an open door here.
You now have 12 gold pieces.
You see here a +0 dagger.
A ball python comes into view.
The ball python hisses angrily.
A ball python is nearby!
The ball python completely misses you. The ball python grabs you.
The ball python constricts you. The ball python barely misses you.
The ball python constricts you.
A ball python is nearby!
You hit the ball python.
You kill the ball python!
No target in view!
You now have 21 gold pieces (gained 9).
You now have 32 gold pieces (gained 11).
g - a scroll labelled QITIHI WYFY No target in view!
No target in view!
Found a stone staircase leading down.
No target in view!
No target in view!
An endoplasm comes into view.
The endoplasm quivers.
Unknown command.
An endoplasm is nearby!
An endoplasm is nearby!
The endoplasm freezes you.
You are frozen. 😮 HP[-4]
You take 4 damage, and now have 9/13 hp.
MASSIVE DAMAGE!! (PAUSE)
You hit the endoplasm but do no damage. The endoplasm barely misses you.
You hit the endoplasm.
The endoplasm barely misses you. 😕 HP[+1]
You hit the endoplasm but do no damage. The endoplasm freezes you.
You are frozen. 😮 HP[-1]
You take 1 damage, and now have 9/13 hp.
You hit the endoplasm.
The endoplasm hits you but does no damage.
You hit the endoplasm.
You kill the endoplasm!
You now have 40 gold pieces (gained 8).
h - 3 poisoned darts 😎 HP[+4]
Your hp is fully restored (13).
No target in view!
No target in view!
A kobold comes into view. It is wielding a +0 dagger.
Found 16 gold pieces.
Found an escape hatch in the floor.
An endoplasm comes into view.
The kobold shouts!
The endoplasm quivers.
There are monsters nearby!
You completely miss the kobold. The kobold closely misses you.
You closely miss the kobold. The kobold closely misses you.
There are monsters nearby!
There are monsters nearby!
You barely miss the kobold. The kobold closely misses you.
You closely miss the kobold. The endoplasm misses you.
The kobold hits you with a +0 dagger. 😕 HP[-1]
You take 1 damage, and now have 12/13 hp.
You hit the kobold. The endoplasm barely misses you.
The kobold barely misses you.
You closely miss the kobold. The endoplasm freezes you.
You are frozen.
The kobold closely misses you.
There are monsters nearby! 😕 HP[-1]
You take 1 damage, and now have 11/13 hp.
You hit the kobold but do no damage. The endoplasm freezes you.
You are frozen.
The kobold closely misses you.
You are too injured to fight recklessly! 😮 HP[-4]
You take 4 damage, and now have 7/13 hp.
MASSIVE DAMAGE!! (PAUSE)
You hit the kobold.
You kill the kobold!
The endoplasm jiggles.
The endoplasm freezes you.
You are frozen.
* * * LOW HITPOINT WARNING * * *
😨 HP[-1]
You take 1 damage, and now have 6/13 hp.
The endoplasm freezes you.
You are frozen.
* * * LOW HITPOINT WARNING * * *
Things that are here:
a +0 dagger; 2 stones; 😱 HP[-5]
You take 5 damage, and now have 1/13 hp.
MASSIVE DAMAGE!! (PAUSE)
You hit the endoplasm. The endoplasm barely misses you.
You hit the endoplasm. The endoplasm freezes you.
You are frozen.
You die...

Skill      XL: |  1 |
---------------+----+-----
Short Blades   | 1 |  1.2
Dodging        | |  1.7
Stealth        | |  2.7
Spellcasting   | |  2.1
Hexes          | |  3.1

Action                     || total
---------------------------++-------
  Melee: Dagger            ||    25
 Armour: Robe              ||     7
  Dodge: Dodged            ||    17

Levels and vault maps discovered:
D:1:      minmay_arrival_nine_rooms, layout_basic

Notes
Turn   | Place    | Note
-------+----------+-------------------------------------------
     0 | D:1      | kae the Demonspawn Enchanter began the quest for the Orb.
     0 | D:1      | Reached XP level 1. HP: 13/13 MP: 3/3
     0 | D:1      | magus.rc [v1.11.3]
    91 | D:1      | Reached skill level 1 in Short Blades
   260 | D:1      | HP: 1/13 [frozen (5)]
   262 | D:1      | Frozen to death by an endoplasm

Vanquished Creatures
  2 ball pythons (D:1)
  An endoplasm (D:1)
  A goblin (D:1)
  A hobgoblin (D:1)
  A kobold (D:1)
6 creatures vanquished.

Table legend:
 A = Non-vault XP
 B = Vault XP
 C = Vault XP percentage of total XP
 D = Non-vault monster count
 E = Vault monster count
 F = Vault count percentage of total count
                 A         B        C        D         E       F
            +---------+---------+-------+---------+---------+-------
      Total |      10 |       0 |   0.0 |       6 |       0 |   0.0
            +---------+---------+-------+---------+---------+-------
        D:1 |      10 |       0 |   0.0 |       6 |       0 |   0.0
            +---------+---------+-------+---------+---------+-------

Skill      XL: |  1 |
---------------+----+-----
Short Blades   | 1 |  1.2
Dodging        | |  1.7
Stealth        | |  2.7
Spellcasting   | |  2.1
Hexes          | |  3.1

Action                     || total
---------------------------++-------
  Melee: Dagger            ||    25
 Armour: Robe              ||     7
  Dodge: Dodged            ||    17

Illustrated notes

Table legend:
 A = Kills in this place as a percentage of kills in the entire game.
 B = Kills by you in this place as a percentage of kills by you in the entire game.
 C = Kills by friends in this place as a percentage of kills by friends in the entire game.
 D = Other kills in this place as a percentage of other kills in the entire game.
 E = Experience gained in this place as a percentage of experience gained in the entire game.
 F = Experience gained in this place divided by the number of levels of this place that you have seen.
                   A       B       C       D       E      F
               +-------+-------+-------+-------+-------+----------------------
         Total | 100.0 | 100.0 |   N/A |   N/A | 100.0 |  10.0
       Dungeon | 100.0 | 100.0 |   N/A |   N/A | 100.0 |  10.0
               +-------+-------+-------+-------+-------+----------------------

Table legend: (Time is in decaauts)
 A = Elapsed time spent in this place.
 B = Non-inter-level travel time spent in this place.
 C = Inter-level travel time spent in this place.
 D = Time resting spent in this place.
 E = Time spent auto-exploring this place.
 F = Levels seen in this place.
 G = Mean time per level.
                   A        B        C        D        E       F      G
               +--------+--------+--------+--------+--------+-----+--------+
         Total |    261 |    261 |      0 |      0 |    212 |   1 |  261.0 |
       Dungeon |    261 |    261 |      0 |      0 |    212 |   1 |  261.0 |
               +--------+--------+--------+--------+--------+-----+--------+

Top non-repeatable levels by time:
     D:1: 261 daAuts
